 Dungeon Crawl Stone Soup version 0.27-a0-797-g27d10ad80f (webtiles) character file.

Game seed: 6660916154998882129

219967 wakim the Tortoise (level 18, -5/172 HPs)
             Began as a Minotaur Fighter on Mar 27, 2021.
             Was a High Priest of Qazlal.
             Slain by a molten gargoyle
             ... wielding a +0 morningstar
              (13 damage)
             ... in the Desolation of Salt.
             The game lasted 01:33:38 (35906 turns).

wakim the Tortoise (Minotaur Fighter)              Turns: 35906, Time: 01:33:39

Health: -5/172     AC: 37    Str: 33    XL:     18   Next: 46%
Magic:  2/27       EV: 14    Int:  9    God:    Qazlal [*****.]
Gold:   2945       SH: 24    Dex: 13    Spells: 17/17 levels left

rFire    + + .     SeeInvis +   a - +11 whip of the Gnat {pain, Fragile rC+ Int+3}
rCold    + + +     Faith    +   d - +2 kite shield {rC+}
rNeg     . . .     Spirit   .   c - +13 plate armour "Huuq" {rC+++ Str+6}
rPois    .         Reflect  .   (helmet restricted)
rElec    .         Harm     .   I - +1 cloak {rCorr}
rCorr    +         Rampage  .   u - +0 pair of gloves
Will     +....                  t - +0 pair of boots
Stlth    ..........             m - amulet of faith
HPRegen  0.38/turn              K - ring "Plog" {Dex+2 Slay+2 SInv}
MPRegen  0.20/turn              o - ring of protection from fire

@: about to teleport, protected from fire, hasted, repel missiles, very quick
A: horns 2, retaliatory headbutt
}: 1/15 runes: decaying
a: Renounce Religion, Upheaval, Elemental Force, Disaster Area


You were in the Desolation of Salt.
You worshipped Qazlal.
Qazlal was extremely pleased with you.
You visited 6 branches of the dungeon, and saw 30 of its levels.
You also visited: Ossuary, Ice Cave and Desolation.

You collected 3736 gold pieces.
You spent 791 gold pieces at shops.

Inventory:

Hand Weapons
 a - the +11 whip of the Gnat (weapon) {pain, Fragile rC+ Int+3}
   (You found it on level 2 of the Lair of Beasts)

   In the hands of one skilled in necromantic magic, it inflicts extra damage on
   living creatures.
   It affects your intelligence (+3).
   It protects you from cold.
   It will be destroyed if unequipped.
Missiles
 D - 8 silver javelins (quivered)
 V - 13 javelins
Armour
 c - the +13 plate armour "Huuq" (worn) {rC+++ Str+6}
   (You found it on level 12 of the Dungeon)

   It affects your strength (+6).
   It renders you almost immune to cold.
 d - a +2 kite shield of cold resistance (worn)
 n - a +5 crystal plate armour
 t - a +0 pair of boots (worn)
 u - a +0 pair of gloves (worn)
 I - a +1 cloak of preservation (worn)
Jewellery
 b - a ring of poison resistance
 g - a +6 ring of strength
 m - an amulet of faith (around neck)
 o - a ring of protection from fire (right hand)
 s - an amulet of regeneration
 K - the ring "Plog" (left hand) {Dex+2 Slay+2 SInv}
   (You found it on level 6 of the Lair of Beasts)

   [ring of see invisible]

   It affects your dexterity (+2).
   It affects your accuracy and damage with ranged weapons and melee attacks
   (+2).
   It lets you see invisible.
Wands
 e - a wand of charming (8)
 h - a wand of acid (22)
 i - a wand of iceblast (15)
 j - a wand of polymorph (12)
 p - a wand of paralysis (21)
 q - a wand of flame (32)
 y - a wand of mindburst (11)
Scrolls
 f - 2 scrolls of enchant armour
 r - 4 scrolls of enchant weapon
 x - 5 scrolls of brand weapon
 E - a scroll of fear
 F - 2 scrolls of fog
 O - a scroll of silence
 S - a scroll of summoning
 W - a scroll of holy word
 X - 5 scrolls of magic mapping {@r4}
 Y - 5 scrolls of teleportation {@r3}
 Z - 6 scrolls of identify {@r1}
Potions
 A - 3 potions of attraction
 B - 4 potions of brilliance
 C - 3 potions of cancellation
 G - 11 potions of ambrosia
 H - 5 potions of haste
 J - 10 potions of curing {@q1}
 L - 6 potions of flight
 M - 5 potions of might
 N - 2 potions of heal wounds {@q2}
 P - 6 potions of lignification
 Q - 3 potions of magic
 R - 4 potions of resistance
 T - a potion of berserk rage
Miscellaneous
 l - a condenser vane
 v - a lightning rod (4/4)
 w - a phial of floods
 z - a box of beasts


   Skills:
 * Level 18.1 Fighting
 + Level 15.7 Maces & Flails
 * Level 18.1 Armour
 + Level 13.8 Dodging
 - Level 15.0 Shields
 + Level 13.6 Invocations


You had 17 spell levels left.
You didn't know any spells.
Your spell library contained the following spells:

 Spells                   Type           Power      Damage    Failure   Level
 Beastly Appendage        Tmut           0%         N/A       85%         1
 Foxfire                  Conj/Fire      0%         2x1d4     85%         1
 Shock                    Conj/Air       0%         1d3       85%         1
 Sting                    Tmut/Pois      0%         1d3       85%         1
 Summon Small Mammal      Summ           0%         N/A       85%         1
 Call Imp                 Summ           0%         N/A       94%         2
 Poisonous Vapours        Pois/Air       0%         N/A       94%         2
 Swiftness                Air            0%         N/A       94%         2
 Wereblood                Tmut           0%         N/A       94%         2
 Call Canine Familiar     Summ           0%         N/A       99%         3
 Confusing Touch          Hex            0%         N/A       99%         3
 Conjure Flame            Conj/Fire      0%         6-21      99%         3
 Gell's Gravitas          Tloc           0%         N/A       99%         3
 Ignite Poison            Fire/Tmut/Pois 0%         N/A       99%         3
 Inner Flame              Hex/Fire       0%         N/A       99%         3
 Mephitic Cloud           Conj/Pois/Air  0%         N/A       99%         3
 Spider Form              Tmut/Pois      0%         N/A       99%         3
 Static Discharge         Conj/Air       0%         N/A       99%         3
 Summon Guardian Golem    Hex/Summ       0%         N/A       99%         3
 Airstrike                Air            0%         N/A       100%        4
 Ice Form                 Ice/Tmut       0%         N/A       100%        4
 Olgreb's Toxic Radiance  Pois           0%         N/A       100%        4
 Petrify                  Tmut/Erth      0%         N/A       100%        4
 Sticky Flame             Conj/Fire      0%         2d3       100%        4
 Summon Ice Beast         Ice/Summ       0%         N/A       100%        4
 Summon Lightning Spire   Summ/Air       0%         N/A       100%        4
 Blade Hands              Tmut           0%         N/A       100%        5
 Bolt of Magma            Conj/Fire/Erth 0%         4d4       100%        5
 Fireball                 Conj/Fire      0%         3d3       100%        5
 Iskenderun's Battlesphe  Conj           0%         2d6       100%        5
 Lightning Bolt           Conj/Air       0%         1d11      100%        5
 Metabolic Englaciation   Hex/Ice        0%         N/A       100%        5
 Yara's Violent Unravell  Hex/Tmut       0%         3d3       100%        5
 Iron Shot                Conj/Erth      0%         9d1       100%        6
 Orb of Destruction       Conj           0%         N/A       100%        7
 Spellforged Servitor     Conj/Summ      0%         N/A       100%        7


Dungeon Overview and Level Annotations

Branches:
Dungeon (15/15)            Temple (1/1) D:5            Lair (6/6) D:9
  Swamp (4/4) Lair:2       Spider (0/4) Lair:4        Slime (0/5) Lair:6
    Orc (2/2) D:11            Elf (0/3) Orc:2        Vaults (2/5) D:13
 Depths (0/5) D:15        Ossuary (visited)           IceCv (visited)
Desolation (1/1)
  Crypt: Vaults:2-3

Altars:
Ashenzari
Fedhas
Hepliaklqana
Kikubaaqudgha
Makhleb
Qazlal
Sif Muna
Trog
Xom
Zin
The Shining One
Jiyva

Shops:
D:6 (   D:10 :   D:12 [[*   Orc:2 :?*(   Vaults:1 (

Annotations:
D:11 2 runed translucent doors, bmj180's ghost, journeyman DrCj


Innate Abilities, Weirdness & Mutations

You have a pair of horns on your head.
You reflexively headbutt those who attack you in melee.


Message History

You kill the ragged hierophant!
The saltling is engulfed in blazing flames.
As you read the scroll of teleportation {@r3}, it crumbles to dust.
You feel strangely unstable.
Your water elemental hits the peacekeeper!
Your air elemental completely misses the saltling.
Your air elemental closely misses the saltling.
The saltling is engulfed in blazing flames. x2
The halazid warlock points at you and mumbles some strange words.
The bolt of negative energy hits the saltling.
The saltling completely resists.
The peacekeeper bites your water elemental!
The peacekeeper claws your water elemental!
Your water elemental hits the peacekeeper.
Your water elemental engulfs the peacekeeper in water!
You hit the halazid warlock but do no damage.
You headbutt the halazid warlock, but do no damage.
The halazid warlock is moderately damaged.
The saltling is engulfed in blazing flames.
The peacekeeper roars a battlecry!
The golems go into a battle-frenzy!
Your air elemental hits the saltling.
The halazid warlock is engulfed in freezing vapours.
The molten gargoyle hits you with a +0 morningstar!
* * * LOW HITPOINT WARNING * * *
You are engulfed in flames.
You resist.
* * * LOW HITPOINT WARNING * * *
Your water elemental barely misses the peacekeeper.
You barely miss the halazid warlock.
The halazid warlock is moderately damaged.
Your water elemental disappears in a puff of smoke!
Your air elemental disappears in a puff of smoke!
The saltling is engulfed in blazing flames. x2
Your plate armour "Huuq" prevents you from hitting the halazid warlock.
The halazid warlock is moderately damaged.
The halazid warlock is engulfed in freezing vapours.
You whack the halazid warlock!
The halazid warlock is heavily damaged.
The molten gargoyle hits you with a +0 morningstar!
You die...

..§............).)......
...............a.#.......
..........a..............
.....#......)............
....#....≈..p............
.........................
......○)88∩..............
.......898...............
......○8@L8..............
.#....§§88†..............
.......§.○°..............
............≈a..≈........
..........[#.....≈.......
.§..................§.§§.
.§§............§.§§.§§#§.
§§.§§.......§§§..§)##§..
............§§§§§§§.. .


You could see 2 ragged hierophants, a servant of whispers (summoned, fleeing), a
halazid warlock, an ironbound convoker (fleeing), 3 peacekeepers, a molten
gargoyle (strong) and 5 saltlings.

Vanquished Creatures
  Bai Suzhen (Swamp:2)
  the Lernaean hydra (Swamp:4)
  Rupert (Lair:5)
  A sphinx (Vaults:1)
  A thorn hunter (Swamp:3)
  Kirke (D:13)
  The ghost of HoaS the Black Belt, an adept DgGl (Swamp:3)
  2 fenstrider witches
  An orc warlord (Vaults:1)
  3 ironbound preservers (Vaults:1)
  4 bunyips
  6 dire elephants (Lair:6)
  Snorg (D:13)
  8 eleionomae
  3 fire dragons (D:15)
  2 great orbs of eyes (Vaults:1)
  2 yaktaur captains (Vaults:1)
  3 shambling mangroves (Swamp:3)
  7 servants of whispers (Desolation)
  6 ragged hierophants (Desolation)
  2 ice dragons (IceCv)
  4 ironbound thunderhulks (Vaults:1)
  2 boulder beetles
  24 hydras
  8 vault guards (D:13)
  3 catoblepae
  3 ironbound frosthearts (Vaults:1)
  10 centaur warriors
  An anaconda (Lair:6)
  5 peacekeepers
  A ghost crab (Swamp:2)
  8 alligators
  4 death yaks (Lair:6)
  4 tengu warriors
  A spriggan berserker (Swamp:3)
  8 two-headed ogres
  An ironbound beastmaster (Vaults:1)
  Nergalle (Lair:4)
  3 goliath frogs
  6 bog bodies
  10 spriggan druids
  5 deep trolls (Vaults:1)
  A harpy (Vaults:1)
  11 swamp dragons
  3 ironbound convokers
  4 lindwurms
  A wolf spider (Lair:4)
  9 orc knights
  An oklob plant (D:8)
  2 orc sorcerers
  5 ugly things
  A deep elf pyromancer (D:13)
  2 manticores
  4 will-o-the-wisps
  7 vault sentinels (Vaults:1)
  2 black mambas (Lair:6)
  3 cyclopes
  2 guardian serpents (Desolation)
  29 elephants
  Maurice (D:13)
  A torpor snail (Lair:6)
  2 gargoyles (D:11)
  2 ice statues (IceCv)
  8 cane toads
  An unseen horror (D:11)
  9 rime drakes
  Psyche (D:11)
  14 komodo dragons
  9 yaktaurs
  6 meliai
  A jumping spider (Lair:4)
  A queen bee (shapeshifter) (D:15)
  A queen bee (D:13)
  6 trolls
  A bloated husk (Swamp:3)
  12 tyrant leeches
  A polar bear (Lair:4)
  37 saltlings (Desolation)
  14 slime creatures
  12 hornets
  7 dream sheep (Lair:6)
  20 blink frogs
  A redback (Lair:4)
  2 wraiths
  9 spriggans
  A shadow (D:11)
  5 wyverns
  51 yaks
  8 basilisks
  2 steam dragons
  A hog (D:13)
  18 vampire mosquitoes
  14 swamp worms
  8 wargs
  19 water moccasins
  2 acid dragons
  7 swamp drakes (Swamp:4)
  14 ice beasts (IceCv)
  38 orc warriors
  2 sky beasts (D:5)
  6 black bears
  A necrophage (D:6)
  17 wolves
  6 ogres
  32 centaurs
  An elf zombie (Ossuary)
  2 kobold brigands
  12 bullfrogs
  A wyvern zombie (D:6)
  2 water moccasin zombies
  2 scorpions
  29 killer bees
  The ghost of diceflayer the Shield-Bearer, a weakling FoFi (D:3)
  An oklob sapling (D:8)
  27 wights
  4 electric eels (D:11)
  4 howler monkeys
  A bullfrog zombie (D:6)
  8 centaur zombies
  A jelly (D:7)
  4 hounds
  A human zombie (Ossuary)
  13 orc priests
  4 iguanas
  21 orc wizards
  5 hell rats (Lair:6)
  A hound skeleton (D:4)
  3 mummies
  A howler monkey zombie (D:8)
  7 gnolls
  8 adders
  A shadow imp (D:5)
  13 white imps
  A worm (D:2)
  3 dart slugs
  63 orcs
  16 ball pythons
  2 bats
  7 endoplasms
  2 giant cockroaches
  10 goblins
  A hobgoblin (D:3)
  9 jackals
  15 kobolds
  3 quokkas
  4 frilled lizards
  A goblin zombie (Ossuary)
  8 hobgoblin zombies (Ossuary)
  A jackal zombie (Ossuary)
  10 kobold zombies (Ossuary)
  9 orc zombies (Ossuary)
  8 rats
  2 rat zombies (Ossuary)
  3 pillars of salt (Vaults:2)
1043 creatures vanquished.

Vanquished Creatures (collateral kills)
  A howler monkey (D:8)
  A kobold (D:8)
2 creatures vanquished.

Vanquished Creatures (others)
  A wyvern (Lair:6)
  A water moccasin (Lair:6)
  An orc (Orc:2)
  A bush (D:8)
  9 foxfires
  61 fungi
  73 plants
147 creatures vanquished.

Grand Total: 1192 creatures vanquished

Notes
Turn   | Place    | Note
-------+----------+-------------------------------------------
     0 | D:1      | wakim the Minotaur Fighter began the quest for the Orb.
     0 | D:1      | Reached XP level 1. HP: 19/19 MP: 0/0
    75 | D:1      | Reached XP level 2. HP: 27/27 MP: 1/1
   216 | D:1      | Reached XP level 3. HP: 16/33 MP: 2/2
  1416 | D:2      | Found a faded altar of an unknown god.
  1429 | D:2      | Became a worshipper of Qazlal Stormbringer
  1429 | D:2      | Reached * piety under Qazlal
  1441 | D:2      | Reached XP level 4. HP: 33/40 MP: 3/3
  2558 | D:3      | Found a transporter.
  2559 | D:3      | Noticed diceflayer's ghost (weakling FoFi)
  2596 | D:3      | Found a transporter.
  2812 | D:3      | Identified a scroll of acquirement
  2812 | D:3      | Acquired a +0 crystal plate armour
  3166 | D:4      | Reached ** piety under Qazlal
  3167 | D:4      | Reached XP level 5. HP: 47/47 MP: 4/4
  3240 | D:4      | Reached skill level 1 in Invocations
  3278 | D:4      | Reached skill level 5 in Maces & Flails
  3373 | D:4      | Found a broken altar of Ashenzari.
  3654 | D:4      | Reached XP level 6. HP: 53/53 MP: 6/6
  3893 | D:5      | Entered Level 5 of the Dungeon
  3893 | D:5      | Found a bloodstained altar of Trog.
  3918 | D:5      | Noticed a water moccasin
  3924 | D:5      | Killed a water moccasin
  3925 | D:5      | Reached skill level 5 in Fighting
  3925 | D:5      | Reached skill level 5 in Shields
  3974 | D:5      | Reached skill level 5 in Armour
  4024 | D:5      | Found a hazy altar of Hepliaklqana.
  4025 | D:5      | Found a shimmering altar of Xom.
  4026 | D:5      | Noticed a spectral ugly thing
  4132 | D:5      | Found a staircase to the Ecumenical Temple.
  4143 | D:5      | Reached *** piety under Qazlal
  4144 | D:5      | Reached XP level 7. HP: 51/61 MP: 7/7
  4226 | Temple   | Entered the Ecumenical Temple
  4371 | D:5      | Found an ancient bone altar of Kikubaaqudgha.
  4635 | D:6      | Reached XP level 8. HP: 69/70 MP: 9/9
  4734 | D:6      | Found Cytarope's Antique Weapon Emporium.
  5304 | D:7      | Noticed a two-headed ogre
  5311 | D:7      | Killed a two-headed ogre
  5312 | D:7      | Reached XP level 9. HP: 72/79 MP: 6/11
  5884 | D:7      | Reached skill level 10 in Maces & Flails
  6168 | D:8      | Noticed a two-headed ogre
  6176 | D:8      | Killed a two-headed ogre
  6430 | D:8      | Reached XP level 10. HP: 72/90 MP: 12/12
  6579 | D:8      | Found a sand-covered staircase.
  6600 | Ossuary  | Entered an ossuary
  6841 | Ossuary  | Reached **** piety under Qazlal
  6886 | Ossuary  | Reached skill level 5 in Invocations
  7097 | D:8      | Reached ***** piety under Qazlal
  7598 | D:8      | Noticed an oklob plant
  7719 | D:8      | Found a blossoming altar of Fedhas.
  7898 | D:8      | Killed an oklob plant
  8076 | D:9      | Found a staircase to the Lair.
  8077 | D:9      | Noticed a two-headed ogre
  8122 | D:9      | Killed a two-headed ogre
  8298 | D:9      | Noticed a two-headed ogre
  8304 | D:9      | Killed a two-headed ogre
  8305 | D:9      | Reached XP level 11. HP: 94/99 MP: 9/14
  8364 | D:9      | Noticed a centaur warrior
  8380 | D:9      | Killed a centaur warrior
  8381 | D:9      | Reached skill level 10 in Fighting
  8682 | D:9      | Found a blossoming altar of Fedhas.
  8971 | D:9      | Found a glowing golden altar of the Shining One.
  8972 | D:9      | Found a glowing silver altar of Zin.
  8974 | D:9      | Found a shimmering blue altar of Sif Muna.
  9065 | D:10     | Entered Level 10 of the Dungeon
  9626 | D:10     | Found Wayl's Book Shop.
  9970 | D:11     | Noticed Psyche
  9972 | D:11     | Killed Psyche
 10419 | D:11     | Reached skill level 10 in Armour
 10532 | D:11     | Found a staircase to the Orcish Mines.
 10769 | D:11     | Found a runed translucent door.
 10776 | D:11     | Noticed a fire giant
 10776 | D:11     | Noticed a lich
 10776 | D:11     | Noticed an ettin
 10777 | D:11     | Noticed a skeletal warrior
 10777 | D:11     | Noticed a necromancer
 10778 | D:11     | Found a runed translucent door.
 10779 | D:11     | Noticed bmj180's ghost (journeyman DrCj)
 11265 | D:3      | Killed diceflayer's ghost
 12336 | Lair:1   | Entered Level 1 of the Lair of Beasts
 12388 | Lair:1   | Found a blossoming altar of Fedhas.
 12500 | Lair:1   | You fall into a shaft and drop 1 floor!
 12559 | Lair:1   | Reached XP level 12. HP: 108/108 MP: 16/16
 12789 | Lair:1   | Noticed a six-headed hydra
 12792 | Lair:1   | Noticed a six-headed hydra
 12798 | Lair:1   | Killed a six-headed hydra
 12823 | Lair:1   | Killed a six-headed hydra
 12999 | Lair:1   | Reached skill level 10 in Shields
 13494 | Lair:2   | Identified the +11 whip of the Gnat {pain, Fragile rC+
                  | Int+3}
 13839 | Lair:2   | Found a staircase to the Swamp.
 14206 | Lair:3   | Noticed an eight-headed hydra
 14215 | Lair:3   | Killed an eight-headed hydra
 14353 | Lair:3   | Reached XP level 13. HP: 94/117 MP: 18/18
 14555 | Lair:3   | Reached skill level 1 in Dodging
 15074 | Lair:4   | Noticed Nergalle
 15092 | Lair:4   | Killed Nergalle
 15170 | Lair:4   | Found a hole to the Spider Nest.
 16355 | Lair:5   | Noticed Rupert
 16370 | Lair:5   | Killed Rupert
 17161 | Lair:6   | Entered Level 6 of the Lair of Beasts
 17191 | Lair:6   | Reached XP level 14. HP: 104/127 MP: 5/20
 17198 | Lair:6   | Found a frozen archway.
 17319 | Lair:6   | Reached skill level 5 in Dodging
 17399 | IceCv    | Entered an ice cave
 17432 | IceCv    | Reached skill level 10 in Invocations
 17923 | IceCv    | Reached skill level 15 in Armour
 17930 | IceCv    | Identified the amulet "Fenac" {RegenMP +Inv +Fly rC- MP+9}
 18720 | Lair:6   | Found a viscous altar of Jiyva.
 18720 | Lair:6   | Found a staircase to the Slime Pits.
 19042 | Lair:6   | Reached ****** piety under Qazlal
 19484 | Lair:6   | Identified the ring "Plog" {Dex+2 Slay+2 SInv}
 20423 | Orc:1    | Entered Level 1 of the Orcish Mines
 20536 | Orc:1    | Reached XP level 15. HP: 138/138 MP: 22/22
 20845 | Orc:2    | Entered Level 2 of the Orcish Mines
 20845 | Orc:2    | Found a staircase to the Elven Halls.
 21874 | Orc:2    | Found Ylyifiv's Magic Scroll Shop.
 21874 | Orc:2    | Found Funa Onk's General Store.
 21877 | Orc:2    | Found Etuam's Book Boutique.
 21879 | Orc:2    | Found Keoxeli's Weapon Emporium.
 21893 | Orc:2    | Bought a +2 kite shield of cold resistance for 301 gold
                  | pieces
 21893 | Orc:2    | Bought a scroll of magic mapping for 49 gold pieces
 21909 | Orc:2    | Bought a scroll of enchant armour for 105 gold pieces
 21909 | Orc:2    | Bought a scroll of enchant weapon for 105 gold pieces
 22180 | D:12     | Found Lasehy's Armour Boutique.
 22260 | D:12     | Found Lapatadd's Antique Armour Shoppe.
 22287 | D:12     | Identified the +13 plate armour "Huuq" {rC+++ Str+6}
 22570 | D:12     | Found Saduf's General Store.
 22833 | D:13     | Noticed Maurice
 22839 | D:13     | Killed Maurice
 23296 | D:13     | Found a gate to the Vaults.
 23545 | D:13     | Reached skill level 15 in Fighting
 23739 | D:13     | Noticed Snorg
 23754 | D:13     | Killed Snorg
 23789 | D:13     | Noticed Kirke
 23792 | D:13     | Killed Kirke
 23892 | D:13     | Found a blossoming altar of Fedhas.
 24213 | D:14     | Reached skill level 10 in Dodging
 24545 | D:14     | Reached skill level 15 in Shields
 24557 | D:14     | Found a shimmering blue altar of Sif Muna.
 24616 | D:14     | Reached XP level 16. HP: 149/149 MP: 24/24
 24698 | D:14     | Identified the +9 hand crossbow of Demonkind {vorpal, rElec
                  | Will- MP+9 Str+3 Int+5}
 25170 | D:15     | Entered Level 15 of the Dungeon
 25695 | D:15     | Found a staircase to the Depths.
 26446 | Swamp:1  | Entered Level 1 of the Swamp
 26745 | D:12     | Bought a +1 cloak of preservation for 231 gold pieces
 28836 | Swamp:3  | Noticed Bai Suzhen
 29191 | Swamp:2  | Killed Bai Suzhen
 29416 | Swamp:3  | Noticed HoaS's ghost (adept DgGl)
 29418 | Swamp:3  | Noticed a thorn hunter
 29422 | Swamp:3  | Found a transporter.
 29846 | Swamp:3  | Reached XP level 17. HP: 93/158 MP: 25/25
 30050 | Swamp:3  | Found a transporter.
 30744 | Swamp:3  | Killed HoaS's ghost
 30892 | Swamp:4  | Entered Level 4 of the Swamp
 31105 | Swamp:4  | Paralysed by a fenstrider witch for 5 turns
 31733 | Swamp:4  | Reached skill level 15 in Maces & Flails
 32208 | Swamp:4  | Noticed the 27-headed Lernaean hydra
 32225 | Swamp:4  | Killed the 27-headed Lernaean hydra
 32689 | Swamp:4  | Got a decaying rune of Zot
 33201 | Vaults:1 | Entered Level 1 of the Vaults
 34189 | Vaults:1 | Reached XP level 18. HP: 170/170 MP: 26/26
 34698 | Vaults:1 | Found Veukes's Weapon Emporium.
 35196 | Vaults:2 | Found a ruined gateway.
 35209 | Desolati | Entered the Desolation of Salt
 35903 | Desolati | HP: 7/172 [molten gargoyle/+0 morningstar (3)]
 35906 | Desolati | Slain by a molten gargoyle

Illustrated notes

Levels and vault maps discovered:
D:1:      lightli_arrival_flooded_house, layout_loops_ring,
          grunt_decor_resistance, minmay_tetromino_l4
D:2:      layout_loops_ring, chequers_ecumenical_altar_simple
D:3:      layout_loops_corners, gammafunk_ghost_mausoleum,
          small_statue_intersection
D:4:      layout_gridville, cheibrodos_ashenzari_chains
D:5:      layout_rooms, regret_index_temple_of_mockery, kiku_gazebo_pond_becter,
          minmay_temple_entry_stoned_glass, nicolae_zen_rock_garden,
          trog_butcher_becter
D:6:      layout_basic, serial_shops, nicolae_shop_window_shopping, minivault_19
D:7:      layout_gridville
D:8:      layout_cave_pools, nicolae_ossuary_entry_ruins,
          introduction_to_nature_2
D:9:      layout_basic, kennysheep_little_box, nicolae_overflow_hidden_temple,
          due_lair_maze_entry_diamond
D:10:     layout_small_grid, serial_shops, nicolae_shop_behind_doors
D:11:     minmay_skewed_foursquare, layout_basic, david_orc_4,
          muffindrake_ghost_dual_entry, uniq_psyche
D:12:     layout_basic, serial_shops, shop, shop_fountains, shop
D:13:     layout_grid_maze, erik_vaults_2, special_room [special_room_bee],
          fedhas_altar_2, uniq_kirke, uniq_maurice, uniq_snorg
D:14:     layout_irregular_city, basic_altar
D:15:     grunt_enter_depths_hoard, layout_irregular_city
Temple:   regret_index_temple_waves
Lair:1:   layout_long_grid, amcnicky_altar_gilded
Lair:2:   layout_misc_corridors, minmay_swamp_entry_swarm
Lair:3:   layout_regular_city
Lair:4:   layout_long_grid, spider_nest_entry_funnel_web, uniq_nergalle
Lair:5:   layout_regular_city, uniq_rupert
Lair:6:   due_jungle_book, layout_regular_city, dpeg_slime_entry_enclosed_altar,
          portal_ice_cave_entry_imps, pond, grunt_megastairs_5,
          infiniplex_staircase_pool_2, lemuel_fruit_tree
Swamp:1:  layout_basic_swamp, nicolae_swamp_tree_designs,
          infiniplex_staircase_pool
Swamp:2:  layout_basic_swamp, hangedman_swamp_lotus, swamp_pool3
Swamp:3:  layout_falls_marsh, gammafunk_ghost_arena, nicolae_swamp_some_circles,
          uniq_bai_suzhen
Swamp:4:  swamp_basic_johnstein, layout_basic_swamp, swamp_pool5
Orc:1:    layout_caves, mines5_lemuel
Orc:2:    st_orc_rangers, layout_diamond_mine
Vaults:1: hangedman_vaults_restitches, nicolae_vaults_network_quinsquares
          [nicolae_vaults_network_quincunx_subvault,
          nicolae_vaults_network_quincunx_subvault,
          nicolae_vaults_network_quincunx_subvault,
          nicolae_vaults_network_quincunx_subvault], nicolae_vaults_rhombus_7,
          ontoclasm_vaults_ligature, nicolae_vaults_network_square, v_pattern_3,
          nicolae_vaults_stairing_the_circle, vaults_dpeg_ring,
          nicolae_vaults_big_angled_halls, v_misc_9, layout_vaults_omnicross,
          serial_shops, shop
Vaults:2: vaults_dpeg_cross, v_misc_9, vaults_mumra_minichess,
          minmay_crypt_entry_simple_statues, ontoclasm_vaults_claustrophobia,
          ontoclasm_vaults_idyll, nicolae_vaults_specimen_jars,
          nicolae_vaults_ring_of_whatevers, nicolae_vaults_three_branches,
          layout_vaults_quadrants, portal_desolation_entry_garden,
          nicolae_trove_entry_crystal, uniq_boris, uniq_donald, uniq_xtahua
Desolation

Skill      XL: |  1  2  3  4  5  6  7  8  9 10 11 12 13 14 15 16 17 18 |
---------------+-------------------------------------------------------+-----
Maces & Flails | 3 4 5 7 9 11 12 13 14 15 | 15.7
Fighting       | 4 5 7 8 9 10 11 12 14 15 16 17 18 | 18.1
Shields        | 4 5 7 8 9 10 12 13 15 | 15.0
Armour         | 4 5 6 8 10 12 14 15 16 17 18 | 18.1
Invocations    | 1 2 3 4 6 7 8 9 11 12 13 | 13.6
Dodging        | 4 7 10 12 13 | 13.8

Action                   |  1- 3 |  4- 6 |  7- 9 | 10-12 | 13-15 | 16-18 || total
-------------------------+-------+-------+-------+-------+-------+-------++-------
Melee: Flail             |   107 |    92 |   172 |   616 |       |       ||   987
       Headbutt          |    11 |    16 |    32 |   164 |   378 |   527 ||  1128
       Whip              |       |       |       |   158 |  1369 |  1480 ||  3007
Invok: Upheaval          |       |       |     6 |    24 |    12 |     6 ||    48
       Elemental Force   |       |       |       |     1 |       |     1 ||     2
       Disaster Area     |       |       |       |       |     4 |     5 ||     9
  Use: Scroll            |     4 |     5 |     5 |    15 |     3 |     9 ||    41
       Potion            |       |       |       |       |     1 |    12 ||    13
Armor: Scale mail        |    58 |     8 |       |       |       |       ||    66
       Crystal plate arm |       |    22 |   113 |   499 |   394 |       ||  1028
       Plate armour      |       |       |       |       |    92 |   533 ||   625
Dodge: Dodged            |    32 |    11 |    20 |    80 |   228 |   383 ||   754
       Repelled          |       |       |       |     1 |     6 |     8 ||    15
Block: Kite shield       |    69 |    57 |   159 |   671 |  1341 |  1307 ||  3604

Table legend: (Time is in decaauts)
 A = Elapsed time spent in this place.
 B = Non-inter-level travel time spent in this place.
 C = Inter-level travel time spent in this place.
 D = Time resting spent in this place.
 E = Time spent auto-exploring this place.
 F = Levels seen in this place.
 G = Mean time per level.
                   A        B        C        D        E       F      G
               +--------+--------+--------+--------+--------+-----+--------+
         Total |  35014 |  32265 |   2749 |   1603 |  24536 |  33 | 1061.0 |
       Dungeon |  16911 |  15305 |   1606 |    655 |  12032 |  15 | 1127.4 |
        Temple |      1 |      1 |      0 |      0 |      0 |   1 |    1.0 |
          Lair |   7702 |   6924 |    778 |    242 |   5320 |   6 | 1283.7 |
         Swamp |   5516 |   5304 |    212 |    210 |   4078 |   4 | 1379.0 |
  Orcish Mines |   1578 |   1491 |     87 |      0 |   1171 |   2 |  789.0 |
        Vaults |   1523 |   1459 |     64 |     19 |   1185 |   2 |  761.5 |
       Ossuary |    461 |    461 |      0 |    205 |     97 |   1 |  461.0 |
      Ice Cave |    737 |    737 |      0 |      0 |    553 |   1 |  737.0 |
    Desolation |    581 |    581 |      0 |    272 |     99 |   1 |  581.0 |
               +--------+--------+--------+--------+--------+-----+--------+

Top non-repeatable levels by time:
    D:11: 2345 daAuts
  Lair:6: 1994 daAuts
    D:13: 1703 daAuts
 Swamp:4: 1679 daAuts
 Swamp:2: 1626 daAuts
 Swamp:3: 1600 daAuts
     D:8: 1515 daAuts
Vaults:1: 1511 daAuts
  Lair:1: 1336 daAuts
  Lair:2: 1294 daAuts
     D:1: 1192 daAuts
  Lair:3: 1185 daAuts
  Lair:5: 1150 daAuts
     D:3: 1143 daAuts
     D:9: 1137 daAuts
